R+ - U24
CASPER GHOSTS @ REIDSVILLE RED SOX
08/25/2053
 
TOP OF THE 1ST
Rocky Mountain Vibes batting - Pitching for Pueblo Indians : LHP Lonnie Fisher
Pitching: LHP Lonnie Fisher
Batting: RHB Jacob Sanders 0-0: Ball
1-0: Swinging Strike
1-1: Ground out 5-3 (Groundball, 5S, EV 84.4 MPH)
Batting: SHB Logan Shackelford 0-0: Called Strike
0-1: TRIPLE (Line Drive, 89XD, EV 105.0 MPH)
Batting: RHB Telmo Silva 0-0: Ball
1-0: Ball
2-0: Called Strike
2-1: Foul Ball, location: 2F
2-2: Foul Ball, location: 2F
2-2: Ball
3-2: Foul Ball, location: 2F
3-2: Foul Ball, location: 2F
3-2: Base on Balls
Batting: LHB Pengcheng Feng 0-0: Called Strike
0-1: Ball
1-1: Swinging Strike
1-2: Foul Ball, location: 2F
1-2: Strikes out swinging
Batting: RHB Felicidad Solano 0-0: Ball
1-0: Foul Ball, location: 2F
1-1: Foul Ball, location: 2F
1-2: Strikes out swinging
Top of the 1st over - 0 runs, 1 hit, 0 errors, 2 left on base; Rocky Mountain 0 - Pueblo 0
BOTTOM OF THE 1ST
Pueblo Indians batting - Pitching for Rocky Mountain Vibes : LHP León Rodríguez
Pitching: LHP León Rodríguez
Batting: RHB P.J. Carey 0-0: Ball
1-0: Fly out, F8 (Flyball, 8RM, EV 92.5 MPH)
Batting: RHB Max Boisvert 0-0: DOUBLE (Line Drive, 9LS, EV 92.5 MPH)
Batting: RHB Butch Galloway 0-0: Swinging Strike
0-1: Foul Ball, location: 2F
0-2: Foul Ball, location: 2F
0-2: Ball
1-2: Ball
2-2: Ball
3-2: SINGLE (Line Drive, 3D, EV 96.2 MPH)
Max Boisvert to third
Runner from 3rd tries for Home, SAFE, throw by RF to home
Batting: RHB Doug Cordery 0-0: Ball
1-0: Foul Ball, location: 2F
1-1: Foul Ball, location: 2F
1-2: Ball
2-2: Foul Ball, location: 2F
2-2: Ball
3-2: Foul Ball, location: 2F
3-2: Strikes out swinging
Batting: RHB Chance Keech 0-0: Fly out, F6 (Popup, 6M, EV 74.4 MPH)
Bottom of the 1st over - 1 run, 2 hits, 0 errors, 1 left on base; Rocky Mountain 0 - Pueblo 1
TOP OF THE 2ND
Rocky Mountain Vibes batting - Pitching for Pueblo Indians : LHP Lonnie Fisher
Batting: RHB Arlen Reid 0-0: Ball
1-0: Ball
2-0: Ball
3-0: Called Strike
3-1: SINGLE (Groundball, 6MD, EV 101.2 MPH)
Batting: RHB Cesar Garcia 0-0: Ball
1-0: Fielders Choice at 2nd, 4-6 (Groundball, 4, EV 96.2 MPH)
Batting: RHB Palmer Wilson 0-0: Ball
1-0: Fly out, F8 (Flyball, 8LD, EV 86.2 MPH)
Batting: LHB Nathan MacLennan 0-0: Ball
1-0: Ground out 4-3 (Groundball, 4, EV 91.9 MPH)
Top of the 2nd over - 0 runs, 1 hit, 0 errors, 1 left on base; Rocky Mountain 0 - Pueblo 1
BOTTOM OF THE 2ND
Pueblo Indians batting - Pitching for Rocky Mountain Vibes : LHP León Rodríguez
Batting: RHB Cristóbal Rios 0-0: Ball
1-0: Ground out U3 (Groundball, 3, EV 103.8 MPH)
Batting: RHB Malcolm Katz 0-0: Foul Ball, location: 2F
0-1: SINGLE (Flyball, 5D, EV 96.2 MPH)
Batting: RHB Chase Hightower 0-0: Ball
1-0: Grounds into double play, 6-4-3 (Groundball, 6, EV 80.6 MPH)
Bottom of the 2nd over - 0 runs, 1 hit, 0 errors, 0 left on base; Rocky Mountain 0 - Pueblo 1
TOP OF THE 3RD
Rocky Mountain Vibes batting - Pitching for Pueblo Indians : LHP Lonnie Fisher
Batting: RHB Jacob Sanders 0-0: Called Strike
0-1: Ball
1-1: Ball
2-1: Called Strike
2-2: DOUBLE (Line Drive, 89M, EV 100.0 MPH)
Batting: SHB Logan Shackelford 0-0: Ball
1-0: Ball
2-0: Swinging Strike
2-1: Swinging Strike
2-2: Foul Ball, location: 2F
2-2: Ground out 4-3 (Groundball, 4, EV 85.0 MPH)
Jacob Sanders to third
Batting: RHB Telmo Silva 0-0: Ball
1-0: Ball
2-0: Called Strike
2-1: Foul Ball, location: 2F
2-2: Ball
Wild Pitch!
Jacob Sanders scores
3-2: Ground out 6-3 (Groundball, 6M, EV 85.6 MPH)
Batting: LHB Pengcheng Feng 0-0: Ball
1-0: Ball
2-0: Ball
3-0: Called Strike
3-1: Called Strike
3-2: Foul Ball, location: 2F
3-2: Strikes out looking
Top of the 3rd over - 1 run, 1 hit, 0 errors, 0 left on base; Rocky Mountain 1 - Pueblo 1
BOTTOM OF THE 3RD
Pueblo Indians batting - Pitching for Rocky Mountain Vibes : LHP León Rodríguez
Batting: RHB Edwin Park 0-0: Ball
1-0: Fly out, F3 (Popup, 3F, EV 61.9 MPH)
Batting: RHB P.J. Carey 0-0: Called Strike
0-1: Ground out 2-3 (Groundball, 15S, EV 61.9 MPH)
Batting: RHB Max Boisvert 0-0: Ball
1-0: Called Strike
1-1: Ball
2-1: Swinging Strike
2-2: Ball
3-2: Foul Ball, location: 2F
3-2: Foul Ball, location: 2F
3-2: Strikes out swinging
Bottom of the 3rd over - 0 runs, 0 hits, 0 errors, 0 left on base; Rocky Mountain 1 - Pueblo 1
TOP OF THE 4TH
Rocky Mountain Vibes batting - Pitching for Pueblo Indians : LHP Lonnie Fisher
Batting: RHB Felicidad Solano 0-0: Fly out, F9 (Flyball, 89D, EV 105.0 MPH)
Batting: RHB Arlen Reid 0-0: Ground out 6-3 (Groundball, 6, EV 87.5 MPH)
Batting: RHB Cesar Garcia 0-0: Ball
1-0: Foul Ball, location: 2F
1-1: Ball
2-1: Fly out, F7 (Flyball, 7S, EV 81.9 MPH)
Top of the 4th over - 0 runs, 0 hits, 0 errors, 0 left on base; Rocky Mountain 1 - Pueblo 1
BOTTOM OF THE 4TH
Pueblo Indians batting - Pitching for Rocky Mountain Vibes : LHP León Rodríguez
Batting: RHB Butch Galloway 0-0: Swinging Strike
0-1: Swinging Strike
0-2: Ball
1-2: Foul Ball, location: 2F
1-2: SINGLE (Groundball, 6MD, EV 94.4 MPH)
Batting: RHB Doug Cordery 0-0: Ball
1-0: Foul Ball, location: 2F
1-1: Called Strike
1-2: Ball
2-2: SINGLE (Groundball, 6D, EV 95.6 MPH)
Butch Galloway to second
Batting: RHB Chance Keech 0-0: Fly out, F8 (Flyball, 8LD, EV 101.9 MPH)
Batting: RHB Cristóbal Rios 0-0: Grounds into double play, 4-6-3 (Groundball, 34, EV 87.5 MPH)
Bottom of the 4th over - 0 runs, 2 hits, 0 errors, 1 left on base; Rocky Mountain 1 - Pueblo 1
TOP OF THE 5TH
Rocky Mountain Vibes batting - Pitching for Pueblo Indians : LHP Lonnie Fisher
Batting: RHB Palmer Wilson 0-0: DOUBLE (Flyball, 8RXD, EV 90.0 MPH)
Batting: LHB Nathan MacLennan 0-0: Ground out 3-1 (Groundball, 34, EV 78.1 MPH)
Palmer Wilson to third
Batting: RHB Jacob Sanders 0-0: Swinging Strike
0-1: Swinging Strike
0-2: Strikes out swinging
Batting: SHB Logan Shackelford 0-0: Ball
1-0: Swinging Strike
1-1: Ball
2-1: Ball
3-1: Foul Ball, location: 2F
3-2: Foul Ball, location: 2F
3-2: Foul Ball, location: 2F
3-2: Base on Balls
Batting: RHB Telmo Silva 0-0: Ball
1-0: Ball
2-0: Called Strike
2-1: DOUBLE (Line Drive, 7D, EV 107.5 MPH)
Palmer Wilson scores
Logan Shackelford to third
Batting: LHB Pengcheng Feng 0-0: Swinging Strike
0-1: Ball
1-1: Swinging Strike
1-2: Ball
2-2: Foul Ball, location: 2F
2-2: Strikes out swinging
Top of the 5th over - 1 run, 2 hits, 0 errors, 2 left on base; Rocky Mountain 2 - Pueblo 1
BOTTOM OF THE 5TH
Pueblo Indians batting - Pitching for Rocky Mountain Vibes : LHP León Rodríguez
Batting: RHB Malcolm Katz 0-0: Called Strike
0-1: Ball
1-1: Ground out 6-3 (Groundball, 6, EV 80.6 MPH)
Batting: RHB Chase Hightower 0-0: Called Strike
0-1: Ground out 5-3 (Groundball, 5L, EV 84.4 MPH)
Batting: RHB Edwin Park 0-0: Ball
1-0: Called Strike
1-1: Ball
2-1: Foul Ball, location: 2F
2-2: Strikes out swinging
Bottom of the 5th over - 0 runs, 0 hits, 0 errors, 0 left on base; Rocky Mountain 2 - Pueblo 1
TOP OF THE 6TH
Rocky Mountain Vibes batting - Pitching for Pueblo Indians : LHP Lonnie Fisher
Batting: RHB Felicidad Solano 0-0: Ball
1-0: Foul Ball, location: 2F
1-1: Foul Ball, location: 2F
1-2: Ball
2-2: Ball
3-2: Fly out, F7 (Line Drive, 7, EV 89.4 MPH)
Batting: RHB Arlen Reid 0-0: Ground out 5-3 (Groundball, 56, EV 80.6 MPH)
Batting: RHB Cesar Garcia 0-0: Called Strike
0-1: Swinging Strike
0-2: Ground out 6-3 (Groundball, 6, EV 99.4 MPH)
Top of the 6th over - 0 runs, 0 hits, 0 errors, 0 left on base; Rocky Mountain 2 - Pueblo 1
BOTTOM OF THE 6TH
Pueblo Indians batting - Pitching for Rocky Mountain Vibes : LHP León Rodríguez
Batting: RHB P.J. Carey 0-0: Ball
1-0: Ball
2-0: SINGLE (Flyball, 8LS, EV 92.5 MPH)
Batting: RHB Max Boisvert 0-0: Ball
1-0: Ball
2-0: Ball
3-0: Called Strike
3-1: Sac Bunt to 15S - play at first, batter OUT! 1-4
P.J. Carey to second
Batting: RHB Butch Galloway 0-0: Ball
1-0: Swinging Strike
1-1: Ball
2-1: Ball
3-1: Foul Ball, location: 2F
3-2: Foul Ball, location: 2F
3-2: Base on Balls
Batting: RHB Doug Cordery 0-0: Ball
1-0: Swinging Strike
1-1: 3-RUN HOME RUN (Flyball, 7LD, EV 94.4 MPH), Distance : 374 ft
Pitching: RHP Hernan Alatorre
Batting: RHB Chance Keech 0-0: Ball
1-0: Ball
2-0: Called Strike
2-1: Ball
3-1: Fly out, F8 (Flyball, 8RD, EV 93.1 MPH)
Batting: RHB Cristóbal Rios 0-0: Ball
1-0: Called Strike
1-1: Foul Ball, location: 2F
1-2: Ball
2-2: Ball
3-2: Foul Ball, location: 2F
3-2: Base on Balls
Batting: RHB Malcolm Katz 0-0: Called Strike
0-1: Ball
1-1: Swinging Strike
1-2: Foul Ball, location: 2F
1-2: Foul Ball, location: 2F
1-2: Foul Ball, location: 2F
1-2: Ball
2-2: SINGLE (Line Drive, 89M, EV 88.8 MPH)
Cristóbal Rios to second
Batting: RHB Chase Hightower 0-0: Ball
1-0: Ball
2-0: Ball
3-0: Base on Balls
Cristóbal Rios to third
Malcolm Katz to second
Batting: RHB Edwin Park 0-0: Called Strike
0-1: Fly out, F7 (Line Drive, 7D, EV 91.9 MPH)
Bottom of the 6th over - 3 runs, 3 hits, 0 errors, 3 left on base; Rocky Mountain 2 - Pueblo 4
TOP OF THE 7TH
Rocky Mountain Vibes batting - Pitching for Pueblo Indians : LHP Lonnie Fisher
Pitching: RHP Kayden Westgate
Now in CF: Manny Lucio
Now in RF: Edwin Park
Batting: RHB Palmer Wilson 0-0: Ball
1-0: SINGLE (Line Drive, 6D, EV 96.9 MPH)
Batting: LHB Nathan MacLennan 0-0: Ball
1-0: Swinging Strike
1-1: Ball
2-1: Swinging Strike
2-2: Ball
3-2: Strikes out swinging
Batting: RHB Jacob Sanders 0-0: Called Strike
0-1: Foul Ball, location: 2F
0-2: Strikes out swinging
Batting: SHB Logan Shackelford 0-0: Foul Ball, location: 2F
0-1: Ball
1-1: Swinging Strike
1-2: Strikes out swinging
Top of the 7th over - 0 runs, 1 hit, 0 errors, 1 left on base; Rocky Mountain 2 - Pueblo 4
BOTTOM OF THE 7TH
Pueblo Indians batting - Pitching for Rocky Mountain Vibes : RHP Hernan Alatorre
Batting: LHB Manny Lucio 0-0: Called Strike
0-1: Ball
1-1: Ground out 1-3 (Groundball, 15S, EV 67.5 MPH)
Batting: RHB Max Boisvert 0-0: Ground out 6-3 (Groundball, 6, EV 87.5 MPH)
Batting: RHB Butch Galloway 0-0: Called Strike
0-1: Fly out, F9 (Flyball, 9D, EV 96.2 MPH)
Bottom of the 7th over - 0 runs, 0 hits, 0 errors, 0 left on base; Rocky Mountain 2 - Pueblo 4
TOP OF THE 8TH
Rocky Mountain Vibes batting - Pitching for Pueblo Indians : RHP Kayden Westgate
Batting: RHB Telmo Silva 0-0: Ball
1-0: Ball
2-0: Called Strike
2-1: Called Strike
2-2: Strikes out swinging
Batting: LHB Pengcheng Feng 0-0: Called Strike
0-1: Swinging Strike
0-2: Ball
1-2: Strikes out swinging
Batting: RHB Felicidad Solano 0-0: Ball
1-0: Foul Ball, location: 2F
1-1: SOLO HOME RUN (Flyball, 7D, EV 101.9 MPH), Distance : 394 ft
Batting: RHB Arlen Reid 0-0: Foul Ball, location: 2F
0-1: Called Strike
0-2: Strikes out looking
Top of the 8th over - 1 run, 1 hit, 0 errors, 0 left on base; Rocky Mountain 3 - Pueblo 4
BOTTOM OF THE 8TH
Pueblo Indians batting - Pitching for Rocky Mountain Vibes : RHP Hernan Alatorre
Batting: RHB Doug Cordery 0-0: Ball
1-0: Ball
2-0: Ball
3-0: Called Strike
3-1: Foul Ball, location: 2F
3-2: Reached on error, E5 (Groundball, 56, EV 105.0 MPH)
Pitching: RHP Teo Mendez
Batting: RHB Chance Keech 0-0: Called Strike
0-1: Fly out, F7 (Flyball, 7S, EV 86.2 MPH)
Batting: RHB Cristóbal Rios 0-0: Foul Ball, location: 5F, Error on foul ball, E5
0-1: Foul Ball, location: 2F
0-2: Ball
1-2: Ball
2-2: Ball
3-2: Foul Ball, location: 2F
3-2: Foul Ball, location: 2F
3-2: Foul Ball, location: 2F
3-2: Base on Balls
Doug Cordery to second
Batting: RHB Malcolm Katz 0-0: Called Strike
0-1: Foul Ball, location: 2F
0-2: Ball
1-2: Ball
2-2: Strikes out looking
Batting: RHB Chase Hightower 0-0: Swinging Strike
0-1: Ball
1-1: Swinging Strike
1-2: Ball
2-2: Strikes out swinging
Bottom of the 8th over - 0 runs, 0 hits, 2 errors, 2 left on base; Rocky Mountain 3 - Pueblo 4
TOP OF THE 9TH
Rocky Mountain Vibes batting - Pitching for Pueblo Indians : RHP Kayden Westgate
Pitching: RHP Alex Harnish
Pinch Hitting: LHB Richard Kiel 0-0: Ball
1-0: Fly out, F8 (Flyball, 8LXD, EV 90.6 MPH)
Pinch Hitting: LHB Stanley Waters 0-0: Swinging Strike
0-1: Ball
1-1: Foul Ball, location: 2F
1-2: Ball
2-2: Foul Ball, location: 2F
2-2: Strikes out looking
Batting: LHB Nathan MacLennan 0-0: Foul Ball, location: 2F
0-1: Swinging Strike
0-2: Strikes out swinging
Top of the 9th over - 0 runs, 0 hits, 0 errors, 0 left on base; Rocky Mountain 3 - Pueblo 4
Friday, June 7th , 2024 - OOTP Baseball 25.5 Build 67